Map: 이터널 엠파이어 - 래더

Players

Lambo

  • Race: Zerg Zerg
  • Spawn Location: 7:00

Zest - Winner!

  • Race: Protoss Protoss
  • Spawn Location: 1:00

Event: StayAtHomestory Cup #2

VOD

Have the link to the VOD?

Description

Time

  • Played on: June 11, 2020, 7:13 a.m.
  • Length: 7:30

All games in this series

Show
View Real Time Build Order
Export as new Build Order

Lambo Zerg 

Build Orders: Hatch First 

Get SALT Encoding   

  12  0:00  Drone  
  13  0:12  Overlord  
  13  0:17  Drone  
  14  0:30  Drone x2  
  16  0:50  Hatchery  
  16  0:51  Drone  
  16  0:55  Drone  
  17  0:58  Drone  
  18  1:08  Extractor  
  17  1:13  Spawning Pool  
  17  1:16  Drone  
  17  1:19  Drone  
  18  1:28  Drone  
  19  1:42  Drone  
  20  1:50  Overlord  
  20  1:59  Queen  
  22  2:02  Queen  
  22  2:03  Zergling x4  
  26  2:11  Drone, Metabolic Boost  
  26  2:13  Drone  
  28  2:24  Drone  
  28  2:26  Drone  
  30  2:35  Hatchery  
  29  2:40  Drone  
  30  2:44  Drone  
  30  2:46  Drone  
  30  2:49  Overlord  
  32  3:00  Queen  
  32  3:01  Drone  
  32  3:02  Drone  
  36  3:07  Drone x2  
  36  3:09  Drone  
  39  3:13  Overlord  
  39  3:16  Drone  
  39  3:19  Drone x2  
  42  3:28  Overlord  
  42  3:31  Drone  
  43  3:39  Queen  
  45  3:41  Drone x2  
  45  3:42  Drone x2  
  45  3:44  Drone  
  45  3:47  Queen  
  52  3:49  Drone  
  52  3:51  Drone  
  54  3:56  Drone, Roach Warren  
  54  4:00  Drone x2  
  56  4:06  Overlord  
  56  4:08  Spine Crawler  
  55  4:12  Zergling x8  
  55  4:14  Spore Crawler  
  58  4:19  Zergling x8  
  58  4:24  Zergling x4  
  64  4:31  Overlord  
  64  4:32  Zergling x8  
  64  4:37  Overlord  
  68  4:40  Overlord  
  68  4:44  Roach  
  63  4:49  Roach x4  
  67  4:54  Roach x2, Zergling x2  
  70  5:03  Roach x2, Zergling x4  
  70  5:06  Zergling x4  
  70  5:07  Zergling x4  
  78  5:15  Roach, Zergling x2  
  78  5:22  Zergling x2  
  78  5:27  Drone x4  
  79  5:29  Drone  
  79  5:31  Drone  
  79  5:34  Drone  
  77  5:36  Drone x2  
  77  5:39  Drone  
  77  5:41  Drone  
  73  5:51  Drone x5  
  73  5:53  Drone  
  77  5:58  Zergling x2  
  77  6:03  Roach x2, Zergling x2  
  82  6:12  Drone x4  
  82  6:13  Drone  
  82  6:16  Extractor  
  82  6:17  Evolution Chamber  
  85  6:18  Extractor  
  85  6:19  Drone  
  85  6:20  Drone x2  
  85  6:22  Drone  
  90  6:25  Drone x2  
  90  6:28  Spore Crawler x2  
  90  6:30  Spore Crawler  
  87  6:36  Drone x3  
  88  6:42  Drone x4  
  88  6:46  Drone x3  
  84  6:50  Drone x2  
  84  6:52  Drone x2  
  81  6:55  Drone x2  
  81  6:59  Roach  
  79  7:03  Spore Crawler  
  79  7:05  Roach x2  
  75  7:08  Zergling x2  
Show
View Real Time Build Order
Export as new Build Order

Zest Protoss - Winner!

Build Orders: 1 Gate Expand, Mass Adepts 

Get SALT Encoding   

  12  0:01  Probe  
  13  0:13  Probe  
  14  0:20  Pylon  
  14  0:25  Probe  
  15  0:34  Probe  
  15  0:41  Gateway  
  16  0:42  Probe  
  17  0:50  Assimilator  
  17  0:52  Probe  
  18  1:04  Probe  
  19  1:16  Probe  
  20  1:26  Nexus  
  20  1:36  Cybernetics Core  
  20  1:39  Probe  
  21  1:44  Assimilator  
  21  1:51  Probe  
  22  1:54  Pylon  
  22  2:01  Probe  
  22  2:02  Adept  
  23  2:09  Probe  
  23  2:13  Warp Gate  
  26  2:18  Probe  
  27  2:24  Twilight Council  
  27  2:26  Stalker  
  27  2:30  Probe  
  30  2:40  Probe  
  30  2:42  Probe  
  32  2:50  Resonating Glaives, Robotics Facility  
  32  2:53  Probe  
  32  2:56  Probe  
  34  3:04  Gateway  
  34  3:11  Probe  
  34  3:12  Probe  
  36  3:21  Adept  
  36  3:24  Probe  
  39  3:30  Gateway, Warp Prism  
  39  3:31  Gateway  
  41  3:45  Pylon  
  41  3:47  Probe  
  41  3:48  Probe  
  43  3:54  Pylon  
  43  4:01  Adept  
  45  4:03  Adept  
  45  4:04  Probe x2  
  49  4:13  Observer, Assimilator  
  49  4:16  Probe  
  51  4:18  Probe  
  52  4:25  Adept  
  52  4:26  Adept x3  
  52  4:29  Pylon  
  60  4:47  Adept x4  
  60  4:50  Probe  
  60  4:51  Probe  
  64  4:59  Dark Shrine  
  64  5:08  Adept x3  
  64  5:10  Pylon  
  64  5:12  Assimilator  
  64  5:13  Pylon  
  66  5:23  Probe x2  
  66  5:28  Adept  
  66  5:29  Adept x3  
  54  5:51  Adept x4  
  54  5:52  Probe x2  
  60  6:00  Observer  
  58  6:14  Nexus  
  58  6:16  Pylon  
  58  6:19  Pylon  
  58  6:20  Dark Templar x4  
  66  6:52  Dark Templar  
  66  6:53  Dark Templar x2  
  72  6:54  Probe x2  
  72  7:14  Probe  
  72  7:15  Probe  
Tags
 
Add a new tag
Caveats
  • Supply blocks, unpowered buildings, or Contaminate may cause inaccurate times.
  • Supply counts are checked every 10 seconds.